 Dungeon Crawl Stone Soup version 0.22.0 (webtiles) character file.

88 CyclopB the Chopper (level 4, -2/27 HPs)
             Began as a Gargoyle Gladiator on Jan 12, 2019.
             Killed by nerve-wracking pain
             ... invoked by Grinder
              (5 damage)
             ... while paralysed by Grinder
             ... on level 3 of the Dungeon.
             The game lasted 00:07:57 (2362 turns).

CyclopB the Chopper (Gargoyle Gladiator)            Turns: 2362, Time: 00:07:57

Health: -2/27      AC:  8    Str: 18    XL:     4   Next: 54%
Magic:  4/4        EV:  2    Int:  8    God:
Gold:   105        SH:  0    Dex: 12    Spells: 3/3 levels left

rFire    . . .     SeeInvis .   a - +0 war axe
rCold    . . .     Gourm    .   (no shield)
rNeg     + . .     Faith    .   b - +0 leather armour
rPois    ∞         Spirit   .   c - +0 helmet
rElec    +         Reflect  .   (no cloak)
rCorr    .         Harm     .   s - +0 pair of gloves
MR       .....                  (no boots)
Stlth    +.........             (no amulet)
HPRegen  0.09/turn              (no ring)
MPRegen  0.09/turn              (no ring)

@: paralysed
A: negative energy resistance 1, electricity resistance, unbreathing,
petrification resistance, rot immunity, AC +3
a: no special abilities


You were on level 3 of the Dungeon.
You were not hungry.

You visited 1 branch of the dungeon, and saw 3 of its levels.

You collected 105 gold pieces.

Inventory:

Hand Weapons
 a - a +0 war axe (weapon)
 o - a +1 hunting sling of freezing
Missiles
 d - 5 throwing nets (quivered)
 e - 113 stones
 h - 89 arrows
 p - 9 bolts
Armour
 b - a +0 leather armour (worn)
 c - a +0 helmet (worn)
 s - a +0 pair of gloves (worn)
Scrolls
 g - a scroll of enchant armour {unknown}
 i - a scroll of noise {unknown}
 j - a scroll of amnesia {unknown}
 k - 2 scrolls of remove curse {unknown}
 l - 2 scrolls of teleportation {unknown}
 n - 2 scrolls of identify {unknown}
 r - a scroll of magic mapping {unknown}
Comestibles
 f - 4 rations


   Skills:
 + Level 2.3 Fighting
 * Level 4.2 Axes
 - Level 1.7 Throwing
 - Level 3.0 Dodging


You had 3 spell levels left.
You didn't know any spells.
Your spell library was empty.

Dungeon Overview and Level Annotations

Branches:
Dungeon (3/15)

Altars:
Ru

Annotations:
D:2 Sigmund
D:3 Grinder


Innate Abilities, Weirdness & Mutations

You are resistant to torment.
Your stone body is resilient. (AC +3)
You are immune to poison.
You resist negative energy. (rN+)
You are resistant to electric shocks. (rElec)
You can survive without breathing.
You are immune to petrification.
You are immune to rotting.


Message History

You completely miss Grinder. Grinder barely misses you.
You hit Grinder but do no damage. Grinder hits you!
You writhe in agony.
You are too injured to fight recklessly!
You are too injured to fight recklessly!
You are too injured to fight recklessly!
You are too injured to fight recklessly!
You are too injured to fight recklessly!
You are too injured to fight recklessly!
You completely miss Grinder. Grinder gestures at you.
Pain shoots through your body!
* * * LOW HITPOINT WARNING * * *
Grinder misses you.
You hit Grinder.
Grinder is lightly wounded.
Grinder gestures at you.
You suddenly lose the ability to move!
Grinder gestures at you. Pain shoots through your body!
You die...

.####
#......#####
....+
+........5..
.#### #....# ##
#.#.## # #.###
### #.# ..# #+#
#.# #.# #.#
#####5# #.# #.#
#...@.# #.#
##.###.##### #.#
##.......#
#.#####.#...#..#
#......###.##..#
#######.#.###..#
##.......#
##.####.# #.#
#.#


You could see Grinder.

Vanquished Creatures
  4 adders
  A worm (D:2)
  2 dart slugs (D:1)
  A ball python (D:1)
  A bat zombie (D:1)
  A goblin (D:1)
  2 hobgoblins (D:2)
  13 jackals
  4 kobolds
  A quokka (D:2)
  2 bats
  2 frilled lizards
  A jackal zombie (D:1)
  11 rats
46 creatures vanquished.

Notes
Turn   | Place    | Note
-------+----------+-------------------------------------------
     0 | D:1      | CyclopB the Gargoyle Gladiator began the quest for the Orb.
     0 | D:1      | Reached XP level 1. HP: 12/12 MP: 1/1
   342 | D:1      | Reached XP level 2. HP: 17/17 MP: 2/2
   596 | D:1      | Reached skill level 3 in Axes
   884 | D:1      | Reached XP level 3. HP: 21/21 MP: 3/3
  1438 | D:2      | Noticed Sigmund
  1574 | D:2      | Found a sacrificial altar of Ru.
  1884 | D:2      | Reached XP level 4. HP: 26/26 MP: 4/4
  1903 | D:2      | Reached skill level 4 in Axes
  2327 | D:3      | Noticed Grinder
  2341 | D:3      | Paralysed by Grinder for 6 turns
  2361 | D:3      | Paralysed by Grinder for 7 turns
  2362 | D:3      | Killed from afar by Grinder

Skill      XL: |  1  2  3  4 |
---------------+-------------+-----
Axes           | 3 4 |  4.2
Dodging        | 3 |  3.0
Fighting       | |  2.3
Throwing       | |  1.7

Action                   |  1- 3 |  4- 6 || total
-------------------------+-------+-------++-------
Melee: War axe           |   109 |    34 ||   143
  Use: Potion            |       |     1 ||     1
  Eat: Chunk             |     3 |     2 ||     5
Armor: Leather armour    |    55 |    16 ||    71
Dodge: Dodged            |    95 |    39 ||   134
